 Dungeon Crawl Stone Soup version 0.19-a0-188-ga21aea4 (webtiles) character file.

167569 Lugonue the Fighter (level 16, -7/147 HPs)
             Began as a Demigod Fighter on May 23, 2016.
             Mangled by a vault warden
             ... wielding a +0 great sword
              (40 damage)
             ... on level 1 of the Vaults.
             The game lasted 03:18:25 (27217 turns).

Lugonue the Fighter (Demigod Fighter)              Turns: 27217, Time: 03:18:26

Health: -7/147     AC: 16    Str: 33    XL:     16   Next: 51%
Magic:  20/20      EV: 21    Int: 14    God:
Gold:   1529       SH: 14    Dex: 15    Spells: 5 memorised, 14 levels left

rFire  + . .     SeeInvis +     k - +4 scimitar (flame)
rCold  + . .     Gourm    +     m - +1 robe of the Skies Above {rElec rF++ MP-9 SInv}
rNeg   . . .     Faith    .     N - +0 shield
rPois  +         Spirit   .     r - +1 helmet
rElec  +         Dismiss  .     h - +2 cloak
rCorr  .         Reflect  .     A - +2 pair of gloves {Str+3}
SustAt +         Harm     .     c - +2 pair of boots {Stlth+}
MR     +....                    W - amulet of Zatwitag {Gourm Slay+2}
Stlth  +++++.....               Z - +6 ring of evasion
                                n - ring "Napt" {Ice rElec rPois Str+3 Stlth+}

@: marked, very slightly contaminated, hasted, very quick, somewhat resistant to
hostile enchantments, quite stealthy
A: high mp 1, sustain attributes
a: no special abilities
}: 1/15 runes: decaying


You were on level 1 of the Vaults.
You were not hungry.

You visited 6 branches of the dungeon, and saw 31 of its levels.
You also visited: Sewer, Ice Cave and Volcano.

You collected 2551 gold pieces.
You spent 1022 gold pieces at shops.

Inventory:

Hand Weapons
 k - a +4 scimitar of flaming (weapon)
 w - a +2 vampiric long sword
Armour
 c - a +2 pair of boots of stealth (worn)
 h - a +2 cloak (worn)
 m - the +1 robe of the Skies Above (worn) {rElec rF++ MP-9 SInv}
   (You bought it in a shop on level 2 of the Orcish Mines)

   It greatly protects you from fire.
   It insulates you from electricity.
   It affects your magic capacity (-9).
   It lets you see invisible.
 r - a +1 helmet (worn)
 x - a +2 hat of see invisible
 A - a +2 pair of gloves of strength (worn)
 N - a +0 shield (worn)
 R - the +1 leather armour of the Princess {Regen+ Int+7}
   (You found it on level 13 of the Dungeon)

   It affects your intelligence (+7).
   It increases your rate of regeneration.
Jewellery
 b - a +5 ring of dexterity
 i - the ring of Paupurho {rPois rC+ Dex-5 Slay+3}
   (You bought it in a shop on level 2 of the Orcish Mines)

   [ring of protection from cold]

   It affects your dexterity (-5).
   It affects your accuracy and damage with ranged weapons and melee attacks
   (+3).
   It protects you from cold.
   It protects you from poison.
 n - the ring "Napt" (left hand) {Ice rElec rPois Str+3 Stlth+}
   (You found it on level 1 of the Swamp)

   [ring of ice]

   It enhances your ice magic, and weakens your fire magic.
   It affects your strength (+3).
   It makes you vulnerable to fire.
   It protects you from cold.
   It insulates you from electricity.
   It protects you from poison.
   It makes you more stealthy.
 U - an uncursed ring of poison resistance
 W - the amulet of Zatwitag (around neck) {Gourm Slay+2}
   (You found it on level 1 of the Vaults)

   [amulet of the gourmand]

   It allows you to eat raw meat even when not hungry.
   It affects your accuracy and damage with ranged weapons and melee attacks
   (+2).
 Z - a +6 ring of evasion (right hand)
Wands
 d - a wand of enslavement (11/24)
 y - a wand of confusion (23/48)
 E - a wand of hasting (0/9)
 J - a wand of confusion (3/48)
 K - a wand of polymorph (12/24)
 L - a wand of digging (0/24)
 M - a wand of digging (9/24)
 S - a wand of acid (0/15)
 V - a wand of teleportation (0/9)
 X - a wand of acid (3/15)
Scrolls
 e - a scroll of identify
 o - 14 scrolls of remove curse
 v - 3 scrolls of silence
 F - a scroll of fog
 Q - 4 scrolls of enchant armour
Potions
 a - a potion of resistance
 j - 3 potions of curing
 l - 2 potions of berserk rage
 t - a potion of haste
 u - 2 potions of invisibility
 z - 4 potions of flight
 B - a potion of might
 C - 3 potions of brilliance
 D - 2 potions of heal wounds
 I - a potion of ambrosia
 T - 2 potions of mutation
Books
 p - a book of Burglary

   Spells                             Type                      Level
   a - Swiftness                      Charms/Air                   2
   b - Passwall                       Transmutation/Earth          2
   c - Passage of Golubria            Translocation                4
   d - Lee's Rapid Deconstruction     Earth                        5
   e - Darkness                       Hexes                        6
   f - Invisibility                   Hexes                        6
 q - a book of Battle

   Spells                             Type                      Level
   a - Infusion                       Charms                       1
   b - Shroud of Golubria             Charms/Translocation         2
   c - Song of Slaying                Charms                       2
   d - Spectral Weapon                Hexes/Charms                 3
   e - Regeneration                   Charms/Necromancy            3
 s - a Necronomicon

   Spells                             Type                      Level
   a - Haunt                          Necromancy/Summoning         7
   b - Borgnjor's Revivification      Necromancy                   8
   c - Death's Door                   Charms/Necromancy            8
   d - Necromutation                  Transmutation/Necromancy     8
Comestibles
 f - 3 bread rations
 g - 15 meat rations
 G - 26 fruits


   Skills:
 + Level 14.7 Fighting
 - Level 14.1 Long Blades
 - Level 9.8 Armour
 - Level 6.1 Dodging
 - Level 4.6 Stealth
 * Level 12.7 Shields
 + Level 5.7 Spellcasting
 + Level 3.1 Hexes
 + Level 5.4 Charms
 + Level 0.5 Necromancy
 + Level 3.4 Translocations
 - Level 5.0 Evocations


You had 14 spell levels left.
You knew the following spells:

 Your Spells              Type           Power        Failure   Level  Hunger
a - Swiftness             Chrm/Air       ##......     12%         2    #......
b - Shroud of Golubria    Chrm/Tloc      ###.......   8%          2    #......
c - Song of Slaying       Chrm           ###.....     4%          2    #......
d - Regeneration          Chrm/Necr      ##........   21%         3    ###....
e - Spectral Weapon       Hex/Chrm       ###.....     12%         3    ###....


Dungeon Overview and Level Annotations

Branches:
Dungeon (15/15)            Temple (0/1) D:5            Lair (8/8) D:11
  Swamp (4/4) Lair:5       Spider (1/4) Lair:6        Slime (0/6) Lair:8
    Orc (2/2) D:10            Elf (0/3) Orc:2        Vaults (1/5) D:13
 Depths (0/5) D:15

Shops:
Orc:2 [*(=

Annotations:
D:4 exclusion: statue


Innate Abilities, Weirdness & Mutations

You have an increased reservoir of magic. (+10% MP)
Your attributes are resistant to harm.


Message History

The bolt of acid misses the vault warden.
This wand has 3 charges left.
You feel a little less mighty now. The vault warden closely misses you.
You closely miss the vault warden. You closely miss the vault warden.
You slash the vault warden! You burn the vault warden!
The vault warden is moderately wounded.
You block the vault warden's attack.
You hit the vault warden but do no damage.
The vault warden is moderately wounded.
You hit the vault warden. You burn the vault warden.
The vault warden is moderately wounded.
Press: ? - help, v - describe, . - travel
Here: a vault warden, wielding a great sword and wearing a plate armour (moderately wounded)
The floor, spattered with blood.
Your shield prevents you from hitting the vault warden.
The vault warden is moderately wounded.
The vault warden hits you with a great sword!!!
You die...

#".........# #####)####### ######
#.#.#..)#.#.###.....
##.#.#)#.#.###......
#.#.#.#)#.#.'.......
##.#######.##....... .......#
#.#.#...#.#.+....... .......#
#..##...'#..##...... .......#
#.#@#...#.#.###..... .......#
##p#######.## ###### .......#
#.#.#.#.#.#.# .......#
##.#(#.#.#.## .).....#
#.#.#p..#.#.#
#'################'###(##########
)†..........=.........((..(......
p.......................§.p..o...
p...............p.........(c.p.c.


You could see a vault warden.

Vanquished Creatures
  Nikola (Swamp:1)
  A bone dragon (Swamp:3)
  Rupert (D:14)
  Kirke (D:15)
  Agnes (D:14)
  2 thorn hunters (Swamp:4)
  A fire giant (D:15)
  Donald (Orc:1)
  An orc warlord (Orc:2)
  An emperor scorpion (Spider:1)
  4 very ugly things (Vaults:1)
  3 ironheart preservers (Vaults:1)
  Azrael (Orc:2)
  A yaktaur captain (Vaults:1)
  Josephine (D:11)
  9 hydras
  3 ghost crabs
  2 ogre magi (Vaults:1)
  2 dancing weapons (D:13)
  6 centaur warriors
  A queen ant (Lair:3)
  6 alligators
  A deep troll earth mage (Vaults:1)
  2 death yaks (Lair:8)
  A tengu warrior (D:14)
  3 orc high priests (Orc:2)
  Sonja (D:10)
  A deep elf knight (Vaults:1)
  2 wizards
  4 unseen horrors
  2 deep trolls (Vaults:1)
  2 swamp dragons
  2 phantasmal warriors (Swamp:4)
  A lindwurm (Lair:8)
  3 spectral hydras (Swamp:4)
  9 hill giants
  5 orc knights
  Pikel (D:5)
  A necromancer (Lair:6)
  A shambling mangrove (Swamp:1)
  A griffon (D:13)
  A hornet (Vaults:1)
  An orc sorcerer (Orc:2)
  8 ugly things
  8 wolf spiders
  A harpy (shapeshifter) (Vaults:1)
  Maurice (D:10)
  2 cyclopes
  24 elephants
  5 black mambas
  A vault sentinel (Vaults:1)
  Psyche (D:10)
  2 ice statues (IceCv)
  3 torpor snails
  3 centaur skeletons
  15 spiny frogs
  3 gargoyles
  2 efreet (D:11)
  4 rime drakes
  A kobold demonologist (Vaults:1)
  2 demonic crawlers (Lair:6)
  13 komodo dragons
  A yaktaur (Vaults:1)
  4 swamp worm zombies (Swamp:4)
  A tengu conjurer (D:14)
  7 trolls
  A polar bear (Lair:7)
  3 giant leeches
  10 jumping spiders
  8 two-headed ogres
  Prince Ribbit (D:6)
  Grinder (D:5)
  20 blink frogs
  3 hydra zombies (Swamp:4)
  A hornet zombie (D:15)
  4 bog bodies
  3 boulder beetles
  4 alligator zombies (Swamp:4)
  4 spectral swamp dragons
  13 slime creatures
  Sigmund (D:5)
  4 shadows
  4 tarantellas
  A vampire (D:13)
  10 redbacks
  46 yaks
  5 wraiths
  3 fire bats (Volcano)
  3 fire elementals
  3 wyverns
  A golden eye (shapeshifter) (D:14)
  2 basilisks
  12 vampire mosquitoes
  11 hippogriffs
  A hungry ghost (D:14)
  2 mottled dragons (D:14)
  2 wargs
  Edmund (D:5)
  28 insubstantial wisps
  8 soldier ants
  A hell hound (Orc:2)
  14 swamp worms
  10 water moccasins
  11 porcupines
  24 orc warriors
  4 swamp drakes
  2 sky beasts
  4 swamp dragon zombies (Swamp:4)
  A wasp (Swamp:2)
  2 black bears
  An eye of draining (shapeshifter) (D:15)
  An eye of draining (D:9)
  19 ice beasts
  7 phantoms
  10 ogres
  The ghost of Duffy the Slasher, an amateur MiSk (Sewer)
  5 wolves (Lair:8)
  The ghost of Duffy the Chopper, an amateur MiSk (D:3)
  16 centaurs
  12 crocodiles
  3 big kobolds
  15 giant frogs
  2 wyvern skeletons
  6 scorpions
  11 killer bees
  2 electric eels (Lair:8)
  14 wights
  5 crimson imps
  5 lava snakes (Volcano)
  3 giant frog zombies
  6 hounds
  A quasit (D:12)
  6 jellies
  10 orc priests
  3 giant frog skeletons
  9 orc wizards
  8 iguanas
  4 polar bear simulacra (Lair:6)
  32 worker ants
  2 wolf simulacra (Lair:6)
  3 yak simulacra (Lair:6)
  28 sheep
  A hound zombie (D:8)
  2 hound skeletons
  Robin (D:2)
  2 worker ant zombies
  2 gnolls (D:6)
  A howler monkey skeleton (D:8)
  66 river rats
  12 adders
  A swamp drake zombie (Swamp:4)
  A shadow imp (D:12)
  2 oozes
  An adder skeleton (D:5)
  2 worms (D:2)
  2 dart slugs
  9 giant geckos
  33 orcs
  3 ball pythons
  7 giant cockroaches
  19 goblins
  13 hobgoblins
  22 jackals
  3 quokkas
  A ball python zombie (D:5)
  8 bats
  A giant cockroach zombie (D:5)
  A giant gecko skeleton (D:7)
  8 giant newts
  3 jackal skeletons
  2 jackal zombies
  18 kobolds
  A quokka skeleton (D:9)
  A quokka zombie (D:8)
  12 rats
  2 river rat simulacra (Lair:6)
1018 creatures vanquished.

Vanquished Creatures (collateral kills)
  An orc knight (Orc:2)
1 creature vanquished.

Vanquished Creatures (others)
  An alligator (Swamp:1)
  An elephant (Lair:8)
  A spiny frog (Swamp:4)
  A rime drake (Lair:8)
  An orc warrior (Orc:2)
  A human (D:15)
  6 insubstantial wisps
  An iguana (D:5)
  An adder zombie (D:5)
  A giant cockroach (D:5)
  12 fungi
  6 plants
  33 spectral weapons
66 creatures vanquished.

Grand Total: 1085 creatures vanquished

Notes
Turn   | Place    | Note
--------------------------------------------------------------
     0 | D:1      | Lugonue the Demigod Fighter began the quest for the Orb.
     0 | D:1      | Reached XP level 1. HP: 18/18 MP: 3/3
   136 | D:1      | Reached XP level 2. HP: 21/25 MP: 4/4
   522 | D:1      | Reached XP level 3. HP: 30/30 MP: 5/5
   960 | D:2      | Found a deep blue altar of Sif Muna.
   960 | D:2      | Found a glowing silver altar of Zin.
   962 | D:2      | Found a white marble altar of Elyvilon.
   966 | D:2      | Found an oddly glowing altar of Pakellas.
   969 | D:2      | Found a sacrificial altar of Ru.
   969 | D:2      | Found a stormy altar of Qazlal.
   975 | D:2      | Found an ancient bone altar of Kikubaaqudgha.
   977 | D:2      | Reached skill level 1 in Dodging
  1073 | D:2      | Reached XP level 4. HP: 35/38 MP: 6/6
  1407 | D:2      | Noticed Robin
  1448 | D:2      | Killed Robin
  1641 | D:3      | Found a sparkling altar of Nemelex Xobeh.
  1747 | D:3      | Noticed Duffy's ghost (amateur MiSk)
  1883 | D:3      | Killed Duffy's ghost
  1883 | D:3      | Reached XP level 5. HP: 45/45 MP: 7/7
  1943 | D:3      | Found a glowing drain.
  1969 | Sewer    | Entered a sewer
  2018 | Sewer    | Noticed Duffy's ghost (amateur MiSk)
  2038 | Sewer    | Reached XP level 6. HP: 48/51 MP: 8/8
  2050 | Sewer    | Killed Duffy's ghost
  2332 | D:3      | Found a shadowy altar of Dithmenos.
  3051 | D:4      | Found a radiant altar of Vehumet.
  3155 | D:4      | Reached skill level 5 in Armour
  3155 | D:4      | Reached XP level 7. HP: 41/57 MP: 9/9
  3189 | D:4      | Found a bloodstained altar of Trog.
  3575 | D:5      | Entered Level 5 of the Dungeon
  3629 | D:5      | Got a transparent rapier
  3636 | D:5      | Identified the +2 rapier of Nenyi {vamp, Str-5 Int+5} (You found it on level 5 of the Dungeon)
  3757 | D:5      | Noticed Pikel
  3778 | D:5      | Killed Pikel
  3778 | D:5      | Reached skill level 5 in Shields
  3828 | D:5      | Reached XP level 8. HP: 66/66 MP: 10/10
  3987 | D:5      | Noticed Grinder
  4009 | D:5      | Killed Grinder
  4190 | D:5      | Noticed Sigmund
  4227 | D:5      | Killed Sigmund
  4254 | D:5      | Noticed Edmund
  4270 | D:5      | Killed Edmund
  4419 | D:5      | Found a staircase to the Ecumenical Temple.
  4541 | D:6      | Identified 2 scrolls of acquirement
  4877 | D:6      | Found a snail-covered altar of Cheibriados.
  5195 | D:6      | Noticed Prince Ribbit
  5209 | D:6      | Killed Prince Ribbit
  5599 | D:7      | Reached XP level 9. HP: 71/71 MP: 11/11
  5934 | D:7      | Found a runed door.
  5937 | D:7      | Found a runed door.
  5989 | D:7      | Reached skill level 5 in Dodging
  6029 | D:7      | Found an iron altar of Okawaru.
  6185 | D:8      | Reached skill level 5 in Fighting
  6456 | D:8      | Found a bloodstained altar of Trog.
  6596 | D:8      | Found an opulent altar of Gozag.
  7100 | D:8      | Reached XP level 10. HP: 31/81 MP: 13/13
  7254 | D:9      | Reached skill level 5 in Long Blades
  7782 | D:10     | Entered Level 10 of the Dungeon
  7782 | D:10     | Noticed Sonja
  7817 | D:10     | Killed Sonja
  7817 | D:10     | Reached skill level 1 in Stealth
  7835 | D:10     | Noticed a hill giant
  7927 | D:10     | Noticed Maurice
  7949 | D:10     | Killed Maurice
  8292 | D:10     | Found a viscous altar of Jiyva.
  8387 | D:10     | Killed a hill giant
  8574 | D:10     | Noticed Psyche
  8586 | D:10     | Killed Psyche
  8707 | D:10     | Reached XP level 11. HP: 88/92 MP: 14/14
  8911 | D:10     | Found a staircase to the Orcish Mines.
  8989 | Orc:1    | Entered Level 1 of the Orcish Mines
  9150 | Orc:2    | Entered Level 2 of the Orcish Mines
  9267 | Orc:2    | Found a staircase to the Elven Halls.
  9285 | Orc:2    | Noticed Donald
  9286 | Orc:2    | Noticed Azrael
  9287 | Orc:2    | Noticed an orc knight
  9662 | D:11     | Noticed a hill giant
  9697 | D:11     | Killed a hill giant
  9784 | D:11     | Found a staircase to the Lair.
  9949 | D:11     | Noticed a hill giant
  9951 | D:11     | Noticed a six-headed hydra
  9959 | D:11     | Killed a hill giant
  9968 | D:11     | Killed a one-headed hydra
  9976 | D:11     | Noticed a hill giant
  9990 | D:11     | Killed a hill giant
 10038 | D:11     | Noticed Josephine
 10049 | D:11     | Killed Josephine
 10813 | D:12     | Noticed an unseen horror
 10828 | D:12     | Killed an unseen horror
 11012 | D:13     | Noticed a centaur warrior
 11031 | D:13     | Killed a centaur warrior
 11031 | D:13     | Reached skill level 1 in Evocations
 11031 | D:13     | Reached XP level 12. HP: 68/104 MP: 16/16
 11093 | D:13     | Got a scorched leather armour
 11104 | D:13     | Identified the +1 leather armour of the Princess {Regen+ Int+7} (You found it on level 13 of the Dungeon)
 11135 | D:13     | Reached skill level 10 in Long Blades
 11148 | D:13     | Found a gate to the Vaults.
 11322 | D:13     | Reached skill level 10 in Fighting
 11595 | Lair:1   | Entered Level 1 of the Lair of Beasts
 11851 | Lair:1   | Noticed a four-headed hydra
 11864 | Lair:1   | Killed a one-headed hydra
 12470 | D:11     | Learned a level 1 spell: Infusion
 12931 | Lair:2   | Found a dark tunnel.
 12941 | Volcano  | Entered a volcano
 13177 | Volcano  | Noticed a centaur warrior
 13197 | Volcano  | Killed a centaur warrior
 13239 | Volcano  | Found a radiant altar of Vehumet.
 13256 | Volcano  | Found a bloodstained altar of Trog.
 13817 | Lair:3   | Learned a level 2 spell: Shroud of Golubria
 13820 | Lair:3   | Learned a level 2 spell: Song of Slaying
 14339 | Lair:4   | Reached XP level 13. HP: 103/115 MP: 15/17
 15024 | Lair:5   | Reached skill level 1 in Spellcasting
 15225 | Lair:5   | Learned a level 3 spell: Regeneration
 15229 | Lair:5   | Learned a level 3 spell: Spectral Weapon
 15255 | Lair:5   | Identified a +0 rod of ignition (9/9) (You found it on level 5 of the Lair of Beasts)
 15527 | Lair:6   | Found a frozen archway.
 15561 | IceCv    | Entered an ice cave
 15640 | IceCv    | Identified the Handbook of the Displaced Birds (You found it in an ice cave)
 15721 | Lair:6   | Reached skill level 1 in Charms
 15968 | Lair:6   | Reached skill level 1 in Translocations
 16028 | Lair:6   | Found a hole to the Spider Nest.
 17009 | Lair:7   | Reached XP level 14. HP: 123/126 MP: 15/20
 17186 | Lair:8   | Entered Level 8 of the Lair of Beasts
 17186 | Lair:8   | Found a viscous altar of Jiyva.
 17186 | Lair:8   | Found a staircase to the Slime Pits.
 19234 | D:14     | Found a sparkling altar of Nemelex Xobeh.
 19422 | D:14     | Noticed Agnes
 19484 | D:14     | Killed Agnes
 19743 | D:14     | Noticed Rupert
 19764 | D:14     | Killed Rupert
 19840 | D:15     | Entered Level 15 of the Dungeon
 20210 | D:15     | Found a staircase to the Depths.
 20256 | D:15     | Noticed a fire giant
 20269 | D:15     | Killed a fire giant
 20403 | D:15     | Reached skill level 1 in Hexes
 20444 | D:15     | Noticed Kirke
 20459 | D:15     | Killed Kirke
 20459 | D:15     | Reached XP level 15. HP: 128/136 MP: 16/24
 21067 | Orc:1    | Killed Donald
 21081 | Orc:2    | Killed Azrael
 21222 | Orc:2    | Found Jetsilye's Jewellery Emporium.
 21333 | Orc:2    | Bought the ring of Paupurho {rPois rC+ Dex-5 Slay+3} for 421 gold pieces
 21345 | Orc:2    | Found Icleam's General Store.
 21448 | Orc:2    | Found Tukofela's Antique Weapon Emporium.
 21542 | Orc:2    | Found Merieh's Antique Armour Shoppe.
 21568 | Orc:2    | Bought a fabulously ornate robe for 176 gold pieces
 21574 | Orc:2    | Reached skill level 10 in Shields
 21590 | Orc:2    | Identified the +1 robe of the Skies Above {rElec rF++ MP-9 SInv} (You bought it in a shop on level 2 of the Orcish Mines)
 21762 | Orc:2    | Bought an ancient great sword for 425 gold pieces
 21779 | Orc:2    | Identified the +7 great sword "Luudwor" {slice, rElec rF+ Stlth+} (You bought it in a shop on level 2 of the Orcish Mines)
 22229 | Spider:1 | Entered Level 1 of the Spider Nest
 22365 | Lair:5   | Found a staircase to the Swamp.
 22384 | Swamp:1  | Entered Level 1 of the Swamp
 22385 | Swamp:1  | Noticed Nikola
 22636 | Swamp:1  | Killed Nikola
 23003 | Swamp:1  | Got a heavily runed turquoise ring
 23006 | Swamp:1  | Identified the ring "Napt" {Ice rElec rPois Str+3 Stlth+} (You found it on level 1 of the Swamp)
 23335 | Swamp:3  | Reached skill level 5 in Evocations
 23579 | Swamp:4  | Entered Level 4 of the Swamp
 23677 | Swamp:4  | Learned a level 2 spell: Swiftness
 23982 | Swamp:4  | Noticed a thorn hunter
 24055 | Swamp:4  | Killed a thorn hunter
 24293 | Swamp:4  | Noticed a thorn hunter
 24299 | Swamp:4  | Killed a thorn hunter
 24712 | Swamp:4  | Noticed a bone dragon
 24734 | Swamp:3  | HP: 3/137 [bone dragon (18)]
 24978 | Swamp:3  | Killed a bone dragon
 24978 | Swamp:3  | Reached skill level 5 in Spellcasting
 25044 | Swamp:4  | Reached XP level 16. HP: 132/146 MP: 23/28
 25144 | Swamp:4  | Got a decaying rune of Zot
 25257 | Swamp:1  | Reached skill level 5 in Charms
 26384 | Vaults:1 | Entered Level 1 of the Vaults
 26874 | Vaults:1 | Got a vibrating garnet amulet
 26876 | Vaults:1 | Identified the amulet of Zatwitag {Gourm Slay+2} (You found it on level 1 of the Vaults)
 27217 | Vaults:1 | Mangled by a vault warden

Vault maps used:
D:1:      onia_arrival_mini_maze_b, minmay_unequal
D:2:      kennysheep_goblin_castle, grunt_temple_overflow_open
D:3:      nicolae_dithmenos_shadow_blocks, nemelex_deck, serial_undead,
          serial_undead_b, serial_undead_e, serial_undead_e, serial_undead_e,
          portal_sewer_entry_f
D:4:      kennysheep_big_flooded_room, kennysheep_little_box, vehumet_statue,
          first_bread, minmay_misc_feat_encased, minmay_misc_feat_x
D:5:      minmay_temple_entry_overgrown, sigmund_edmund_badplayer, uniq_grinder,
          uniq_edmund, uniq_pikel
D:6:      lemuel_upstairs_altar, cheibriados_altar_wand_db, uniq_prince_ribbit1
D:7:      lemuel_insect_pit, okawaru_ov_weapons_minmay
D:8:      lemuel_round_altar, serial_glass, glass_columns_b, glass_columns_c,
          due_unseen_surprise, item_on_display_a, blue_anna_alchemist, trog_book
D:9:      grunt_ministairs_2
D:10:     david_orc_4, jiyva_altar_1, uniq_psyche, uniq_sonja, uniq_maurice
D:11:     lair_0_dummy, billiards_dpeg, uniq_josephine
D:13:     erik_vaults_1, columned_hall_lemuel
D:14:     lemuel_crystal_altar, uniq_agnes, uniq_rupert
D:15:     grunt_enter_depths_giant_problem, uniq_kirke
Lair:1:   grunt_forest_small_clearing_treed
Lair:2:   enter_volcano_2
Lair:3:   special_room, zaba_antful_of_joy
Lair:4:   serial_bayou_shore_b, grunt_megastairs_2
Lair:5:   minmay_swamp_entry_reptiles, serial_bayou_shore_a
Lair:6:   spider_nest_entry_funnel_web, portal_ice_cave_entry_ice_beasts,
          eino_house_with_fridge
Lair:8:   hangedman_lair_in_review, slime_altar_1, serial_bayou,
          serial_bayou_lagoon_b, serial_bayou_shore_b, serial_bayou_pond_c,
          serial_bayou_crossing, patterned_corridor
Swamp:1:  wheals_swamp_sinkhole, uniq_nikola
Swamp:2:  evilmike_swamp_ruin_house_5
Swamp:3:  evilmike_swamp_ruin_house_3
Swamp:4:  swamp_pestilence
Orc:1:    serial_shops, shop
Orc:2:    grunt_orc_gardens, grunt_orc_garden, grunt_orc_garden,
          grunt_orc_garden, grunt_orc_garden, uniq_azrael, uniq_donald
Vaults:1: v_misc_29, vaults_room_grunt_arrival_checkpoint,
          ontoclasm_vaults_hangar, v_pattern_5, nicolae_vaults_circle_grid_b,
          v_misc_9, ontoclasm_vaults_hangar, vaults_room_semicircle,
          ontoclasm_vaults_shuriken, nicolae_vaults_mini_display_case,
          nicolae_vaults_little_squares_4, ontoclasm_vaults_ligature,
          nicolae_vaults_little_squares_3, st_spiral_rooms,
          dpeg_vaults_monster_box, serial_shops, bzr_entry_lakeside
Sewer:    sewer_the_crocodile
IceCv:    ice_cave_statue_garden_01
Volcano:  volcano_grotto

Skill      XL: |  1  2  3  4  5  6  7  8  9 10 11 12 13 14 15 16 |
---------------+-------------------------------------------------+-----
Armour         | 3 4 5 6 7 8 9 |  9.8
Shields        | 3 4 5 6 7 8 9 11 12 | 12.7
Long Blades    | 2 3 4 6 9 11 13 14 | 14.1
Fighting       | 3 4 5 7 9 10 12 13 14 | 14.7
Dodging        | 1 2 3 4 5 6 |  6.1
Stealth        | 1 3 4 |  4.6
Evocations     | 1 3 5 |  5.0
Spellcasting   | 2 3 5 |  5.7
Charms         | 1 3 4 5 |  5.4
Translocations | 1 3 |  3.4
Hexes          | 1 2 3 |  3.1
Necromancy     | |  0.5

Action                   |  1- 3 |  4- 6 |  7- 9 | 10-12 | 13-15 | 16-18 || total
-------------------------+-------+-------+-------+-------+-------+-------++-------
Melee: Long sword        |    27 |    98 |   107 |   175 |       |       ||   407
       Dagger            |   103 |   163 |   302 |   289 |       |       ||   857
       Rapier            |       |       |    89 |       |       |       ||    89
       Short sword       |       |       |     7 |       |       |       ||     7
       Great sword       |       |       |       |    20 |    21 |       ||    41
       Scimitar          |       |       |       |   676 |  1803 |   367 ||  2846
 Cast: Shroud of Golubri |       |       |       |     2 |    75 |    18 ||    95
       Song of Slaying   |       |       |       |     1 |    14 |     1 ||    16
       Infusion          |       |       |       |     1 |       |       ||     1
       Spectral Weapon   |       |       |       |       |    54 |    11 ||    65
       Regeneration      |       |       |       |       |     7 |     2 ||     9
       Swiftness         |       |       |       |       |     1 |     3 ||     4
Evoke: Wand              |       |       |       |    13 |    37 |    11 ||    61
       Rod               |       |       |       |       |     1 |       ||     1
  Use: Scroll            |       |    10 |     8 |    21 |    19 |     4 ||    62
       Potion            |       |     2 |     2 |     4 |    11 |     9 ||    28
 Stab: Confused          |       |       |       |     7 |     1 |       ||     8
       Sleeping          |       |       |       |     4 |    14 |     1 ||    19
       Distracted        |       |       |       |     1 |    15 |     2 ||    18
       Invisible         |       |       |       |       |       |     2 ||     2
  Eat: Meat ration       |       |     1 |     2 |       |       |       ||     3
       Fruit             |       |     2 |     2 |     2 |     5 |       ||    11
       Royal jelly       |       |     1 |       |       |       |       ||     1
       Chunk             |       |       |     1 |    21 |    19 |       ||    41
       Bread ration      |       |       |     1 |       |     5 |     2 ||     8
       Beef jerky        |       |       |       |     2 |       |       ||     2
       Pizza             |       |       |       |       |     4 |       ||     4
Armor: Scale mail        |    44 |   110 |   198 |   308 |       |       ||   660
       Skin              |       |    19 |       |       |       |       ||    19
       Leather armour    |       |       |       |    55 |   420 |    89 ||   564
       Robe              |       |       |       |       |     3 |    11 ||    14
Dodge: Dodged            |    32 |   106 |   278 |   631 |  1051 |   198 ||  2296
Block: Shield            |    66 |   102 |       |    99 |   310 |   251 ||   828
       Buckler           |       |    26 |   127 |   319 |   399 |       ||   871
